 Dungeon Crawl Stone Soup version 0.29-a0-90-gc37658a0fe (webtiles) character file.

Game seed: 7653555053249127862

20 enile the Shield-Bearer (level 2, -2/25 HPs)
             Began as a Demigod Wanderer on Feb 7, 2022.
             Slain by a gnoll (6 damage)
             ... on level 1 of the Dungeon.
             The game lasted 00:01:38 (1470 turns).

enile the Shield-Bearer (Demigod Wanderer)          Turns: 1470, Time: 00:01:39

Health: -2/25      AC:  3    Str: 11    XL:     2   Next: 42%
Magic:  4/4        EV: 11    Int: 13    God:
Gold:   56         SH:  7    Dex: 16    Spells: 1/1 levels left

rFire   . . .      SeeInvis .   a - +0 dagger
rCold   . . .      Faith    .   e - +2 buckler
rNeg    . . .      Spirit   .   d - +0 robe
rPois   .          Reflect  .   (no helmet)
rElec   .          Harm     .   c - +0 cloak
rCorr   .          Rampage  .   (no gloves)
Will    .....                   (no boots)
Stlth   +.........              (no amulet)
HPRegen 0.08/turn               (no ring)
MPRegen 0.09/turn               (no ring)

@: no status effects
A: high MP 1, forlorn, divine attributes
a: no special abilities


You were on level 1 of the Dungeon.
You visited 1 branch of the dungeon, and saw 1 of its levels.

You collected 56 gold pieces.

Inventory:

Hand Weapons
 a - a +0 dagger (weapon)
 g - a +2 hunting sling of freezing
Armour
 c - a +0 cloak (worn)
 d - a +0 robe (worn)
 e - a +2 buckler (worn)
Scrolls
 f - a scroll of noise {unknown}
 i - a scroll of identify {unknown}
Potions
 h - a potion of brilliance {unknown}
 j - a potion of curing {unknown}


   Skills:
 + Level 2.4 Fighting
 - Level 1.0 Armour
 - Level 1.0 Dodging
 - Level 3.6 Shields
 - Level 2.6 Unarmed Combat


You had one spell level left.
You didn't know any spells.
Your spell library was empty.

Dungeon Overview and Level Annotations

Branches:
Dungeon (1/15)


Innate Abilities, Weirdness & Mutations

You have an increased reservoir of magic. (+10% MP)
You shall have no god before yourself.
Your divine heritage dramatically boosts your attributes as you level up.


Message History

The gnoll hits you with a +0 club.
* * * LOW HITPOINT WARNING * * *
As you read the scroll of teleportation, it crumbles to dust.
You feel strangely unstable. You block the gnoll's attack.
Your surroundings suddenly seem different.
Search for what [? for help]? .
A gnoll is nearby!
Okay, then.
You hit the gnoll but do no damage. The gnoll closely misses you.
You hit the gnoll.
The gnoll is moderately wounded.
You block the gnoll's attack.
You hit the gnoll but do no damage.
The gnoll is moderately wounded.
The gnoll barely misses you.
You hit the gnoll.
The gnoll is severely wounded.
The gnoll closely misses you.
You hit the gnoll but do no damage.
The gnoll is severely wounded.
The gnoll hits you with a +0 club.
You hit the gnoll but do no damage.
The gnoll is severely wounded.
You block the gnoll's attack.
You closely miss the gnoll.
The gnoll is severely wounded.
The gnoll closely misses you.
You barely miss the gnoll.
The gnoll is severely wounded.
You block the gnoll's attack.
You closely miss the gnoll.
The gnoll is severely wounded.
The gnoll hits you with a +0 club.
* * * LOW HITPOINT WARNING * * *
You hit the gnoll.
The gnoll is almost dead.
The gnoll hits you with a +0 club.
* * * LOW HITPOINT WARNING * * *
The gnoll hits you with a +0 club.
You die...

###### #....#######
#....##..@.#
#.[..##.##g#
########....##.##.#
..................#
####.###....##.####
.....# #....##.#
.....# #....##.#
.....# #....##.#
.....# #....##.#


You could see a gnoll.

Vanquished Creatures
  A bat (D:1)
  4 endoplasms (D:1)
  2 goblins (D:1)
  3 hobgoblins (D:1)
  A kobold (D:1)
  A quokka (D:1)
  A ball python (D:1)
  3 frilled lizards (D:1)
  A rat (D:1)
17 creatures vanquished.

Notes
Turn   | Place    | Note
-------+----------+-------------------------------------------
     0 | D:1      | enile the Demigod Wanderer began the quest for the Orb.
     0 | D:1      | enile set off with the following items: a +0 dagger, a
                  | scroll of teleportation, a +0 cloak, a +0 robe, a +2
                  | buckler
     0 | D:1      | Reached XP level 1. HP: 16/16 MP: 3/3
   564 | D:1      | Reached XP level 2. HP: 24/24 MP: 4/4
  1470 | D:1      | Slain by a gnoll

Illustrated notes

Levels and vault maps discovered:
D:1:      dpeg_arrival_connections, layout_basic,
          ebering_ecumenical_altar_sacrificial, minmay_box_of_dots

Skill      XL: |  1 |
---------------+----+-----
Fighting       | 2 |  2.4
Armour         | |  1.0
Dodging        | |  1.0
Shields        | |  3.6
Unarmed Combat | |  2.6

Action                   || total
-------------------------++-------
Melee: Dagger            ||    89
  Use: Scroll            ||     1
 Stab: Sleeping          ||     2
Armor: Robe              ||    11
Dodge: Dodged            ||    29
Block: Buckler           ||    27

Table legend: (Time is in decaauts)
 A = Elapsed time spent in this place.
 B = Non-inter-level travel time spent in this place.
 C = Inter-level travel time spent in this place.
 D = Time resting spent in this place.
 E = Time spent auto-exploring this place.
 F = Levels seen in this place.
 G = Mean time per level.
                   A        B        C        D        E       F      G
               +--------+--------+--------+--------+--------+-----+--------+
         Total |   1473 |   1465 |      8 |      0 |   1152 |   1 | 1473.0 |
       Dungeon |   1473 |   1465 |      8 |      0 |   1152 |   1 | 1473.0 |
               +--------+--------+--------+--------+--------+-----+--------+

Top non-repeatable levels by time:
     D:1: 1473 daAuts
